 Dungeon Crawl Stone Soup version 0.27.1-4-g1640c2035a (webtiles) character file.

Game seed: 5001356693876854895

74 rafellus the Chopper (level 4, -2/41 HPs)
             Began as a Minotaur Berserker on Nov 16, 2021.
             Was a Believer of Sif Muna.
             Slain by a polar bear (3 damage)
             ... created by the rage of Trog
             ... on level 2 of the Dungeon.
             The game lasted 00:21:42 (2306 turns).

rafellus the Chopper (Minotaur Berserker)           Turns: 2306, Time: 00:21:43

Health: -2/41      AC:  5    Str: 22    XL:     4   Next: 9%
Magic:  3/3        EV: 11    Int:  4    God:    Sif Muna [**....]
Gold:   70         SH:  0    Dex: 10    Spells: 3/3 levels left

rFire    . . .     SeeInvis .   b - +3 mace (holy)
rCold    . . .     Faith    .   (no shield)
rNeg     . . .     Spirit   .   e - +0 ring mail
rPois    .         Reflect  .   (helmet restricted)
rElec    .         Harm     .   (no cloak)
rCorr    .         Rampage  .   (no gloves)
Will     .....                  (no boots)
Stlth    ..........             (no amulet)
HPRegen  0.13/turn              (no ring)
MPRegen  0.08/turn              (no ring)

@: no status effects
A: horns 2, retaliatory headbutt
a: Renounce Religion, Channel Magic


You were on level 2 of the Dungeon.
You worshipped Sif Muna.
Sif Muna was pleased with you.
You visited 1 branch of the dungeon, and saw 2 of its levels.

You collected 70 gold pieces.

Inventory:

Hand Weapons
 a - a +0 hand axe
 b - a +3 mace of holy wrath (weapon)
Armour
 e - a +0 ring mail (worn)
 h - a +0 helmet
Jewellery
 j - a ring of ice
Wands
 f - a wand of mindburst (8) (quivered)
Scrolls
 c - a scroll of summoning {unknown}
 d - a scroll of fear
 g - a scroll of vulnerability {unknown}
Potions
 i - a potion of flight {unknown}


   Skills:
 + Level 4.3 Fighting
 + Level 4.6 Axes
 + Level 3.0 Armour
 + Level 2.9 Dodging


You had 3 spell levels left.
You didn't know any spells.
Your spell library contained the following spells:

 Spells                   Type           Power      Damage    Failure   Level
 Foxfire                  Conj/Fire      0%         2x1d4     65%         1
 Cause Fear               Hex            0%         N/A       100%        4
 Chain Lightning          Conj/Air       0%         N/A       100%        9


Dungeon Overview and Level Annotations

Branches:
Dungeon (2/15)

Altars:
Sif Muna


Innate Abilities, Weirdness & Mutations

You have a pair of horns on your head.
You reflexively headbutt those who attack you in melee.


Message History

You sock the goblin!
You kill the goblin!
Sif Muna accepts your kill.
No target in view!
Items here: ) [ ††.
You see here a +0 club.
Found a peridot ring and a glowing ring mail.
j - a ring of ice A hobgoblin comes into view.
A hobgoblin is nearby!
There is a stone staircase leading down here.
The hobgoblin hits you but does no damage.
You thump the hobgoblin!
You kill the hobgoblin!
Sif Muna accepts your kill.
No target in view!
Found 13 gold pieces.
You now have 70 gold pieces (gained 13).
You open the door.
There is an open door here.
Trog sends monsters to punish you.
A polar bear and 3 black bears come into view.
The black bear moves out of view.
You hear an angry growl.
The black bear rages. x2
There is an open door here.
The polar bear barely misses you. The polar bear claws you.
The polar bear misses you. The polar bear barely misses you.
The polar bear claws you.
The polar bear claws you but does no damage.
The polar bear bites you! The polar bear closely misses you.
The polar bear claws you but does no damage.
You hear an angry growl. x2
There is a stone staircase leading down here.
You hear an angry growl.
The polar bear bites you!!
* * * LOW HITPOINT WARNING * * *
The polar bear claws you but does no damage. x2
The polar bear bites you.
You die...

...#.# ####..# ...#.#
#.....## ...'.# #......#
...#######......############
.........'.................#
...#######....#............#
...# #....#............#
...# #....#hh..........#
...# ####....#.@..........#
...# #..............((....#
...# #.........############
...# #.........# #.........#
#.........# #.........#
#.........# #.........#


You could see a polar bear (berserk) and a black bear (berserk).

Vanquished Creatures
  Robin (D:2)
  An adder (D:2)
  An adder skeleton (D:2)
  A dart slug (D:2)
  7 ball pythons (D:1)
  3 bats
  2 endoplasms (D:2)
  A giant cockroach (D:1)
  11 goblins
  5 hobgoblins
  2 jackals (D:1)
  3 quokkas
  4 rats
42 creatures vanquished.

Notes
Turn   | Place    | Note
-------+----------+-------------------------------------------
     0 | D:1      | rafellus the Minotaur Berserker began the quest for the
                  | Orb.
     0 | D:1      | Reached XP level 1. HP: 19/19 MP: 0/0
   305 | D:1      | Reached XP level 2. HP: 27/27 MP: 1/1
   418 | D:1      | Found a faded altar of an unknown god.
   424 | D:1      | Fell from the grace of Trog
   424 | D:1      | Became a worshipper of Sif Muna the Loreminder
   424 | D:1      | Reached * piety under Sif Muna
  1591 | D:2      | Reached XP level 3. HP: 26/33 MP: 2/2
  1680 | D:2      | Got the Tome of Entrancing Conjuration
  1928 | D:2      | Noticed Robin
  1974 | D:2      | Reached ** piety under Sif Muna
  2007 | D:2      | Killed Robin
  2008 | D:2      | Reached XP level 4. HP: 18/41 MP: 3/3
  2291 | D:2      | Noticed a black bear
  2291 | D:2      | Noticed a polar bear
  2291 | D:2      | Noticed a black bear
  2291 | D:2      | Noticed a black bear
  2306 | D:2      | HP: 1/41 [polar bear[the rage of Trog] (19)]
  2306 | D:2      | Slain by a polar bear

Illustrated notes

Levels and vault maps discovered:
D:1:      nicolae_arrival_washed_ashore, layout_basic,
          chequers_ecumenical_altar_simple
D:2:      layout_basic, grunt_decor_arrowhead, uniq_robin

Skill      XL: |  1  2  3 |
---------------+----------+-----
Axes           | 4 |  4.6
Fighting       | 4 |  4.3
Armour         | 3 |  3.0
Dodging        | |  2.9

Action                   |  1- 3 |  4- 6 || total
-------------------------+-------+-------++-------
Melee: Hand axe          |    70 |     1 ||    71
       Headbutt          |     5 |       ||     5
       Mace              |       |     4 ||     4
  Use: Scroll            |     1 |       ||     1
       Potion            |     2 |       ||     2
Armor: Animal skin       |     4 |       ||     4
       Ring mail         |    17 |     5 ||    22
Dodge: Dodged            |    43 |     8 ||    51
